 Dungeon Crawl Stone Soup version 0.24-a0-537-g2d01d4ab0a (webtiles) character file.

Game seed: 12639005575189132586

24 Mithandil the Skirmisher (level 2, 0/24 HPs)
             Began as a Demonspawn Abyssal Knight on Aug 14, 2019.
             Was a Believer of Lugonu.
             Slain by a hobgoblin (3 damage)
             ... on level 2 of the Dungeon.
             The game lasted 00:03:20 (261 turns).

Mithandil the Skirmisher (Demonspawn Abyssal Knight) Turns: 261, Time: 00:03:21

Health: 0/24       AC:  4    Str: 12    XL:     2   Next: 79%
Magic:  4/4        EV: 11    Int: 13    God:    Lugonu [**....]
Gold:   124        SH:  0    Dex: 12    Spells: 1/1 levels left

rFire    . . .     SeeInvis .   a - +1 falchion
rCold    . . .     Gourm    .   (no shield)
rNeg     . . .     Faith    .   e - +0 leather armour
rPois    .         Spirit   .   (no helmet)
rElec    .         Reflect  .   (no cloak)
rCorr    .         Harm     .   (no gloves)
MR       .....                  h - +0 pair of boots
Stlth    +.........             (no amulet)
HPRegen  0.08/turn              (no ring)
MPRegen  0.09/turn              (no ring)

@: lethally poisoned (0 -> -2)
A: talons 1
a: Depart the Abyss, Bend Space, Renounce Religion


You were on level 2 of the Dungeon.
You worshipped Lugonu.
Lugonu was pleased with you.
You were not hungry.

You visited 1 branch of the dungeon, and saw 2 of its levels.
You visited the Abyss 1 time.

You collected 124 gold pieces.

Inventory:

Hand Weapons
 a - a +1 falchion (weapon)
 b - a +0 dagger
 g - a +0 mace
Missiles
 i - 12 arrows
 n - 11 stones (quivered)
Armour
 e - a +0 leather armour (worn)
 h - a +0 pair of boots (worn)
 j - a cursed +0 robe
Jewellery
 m - an uncursed amulet of the acrobat {unknown}
Scrolls
 d - a scroll of identify {unknown}
 l - a scroll of enchant armour {unknown}
 o - a scroll of remove curse {unknown}
Potions
 k - a potion of curing {unknown}
Comestibles
 c - a ration
 f - 15 chunks of flesh


   Skills:
 + Level 3.1 Fighting
 * Level 0.6(1.4) Short Blades
 * Level 2.1 Long Blades
 + Level 1.9 Armour
 + Level 1.1 Dodging
 + Level 0.4 Stealth
 + Level 0.5 Unarmed Combat
 + Level 2.7 Invocations


You had one spell level left.
You didn't know any spells.
Your spell library was empty.

Dungeon Overview and Level Annotations

Branches:
Dungeon (2/15)

Altars:


Innate Abilities, Weirdness & Mutations

You have sharp toenails.


Message History

You feel sick. The adder bites you.
You hit the adder.
You kill the adder!
Lugonu accepts your kill.
You feel sick.
You feel sick.
o - a scroll labeled VON WUTEKEO You feel sick.
A hobgoblin comes into view.
The hobgoblin shouts!
A hobgoblin comes into view. It is wielding a +0 club.
The hobgoblin shouts!
You feel sick.
The hobgoblin hits you but does no damage.
You completely miss the hobgoblin. The hobgoblin hits you.
* * * LOW HITPOINT WARNING * * *
You closely miss the hobgoblin. The hobgoblin hits you.
* * * LOW HITPOINT WARNING * * *
You closely miss the hobgoblin. The hobgoblin hits you.
You die...

########## #
.#######........########
......g@................
..##..g.........####..#.
...............รท.....>#.
..##............###.....
. #............# #.....
#............# #.)...
#####....##### #.....
........# ######...
........# #........


You could see 2 hobgoblins.

Vanquished Creatures
  An adder (D:2)
  A giant cockroach (D:2)
  3 goblins
  2 hobgoblins (D:2)
  A quokka (D:2)
  A bat (D:2)
  3 frilled lizards (D:2)
  3 rats (D:2)
15 creatures vanquished.

Notes
Turn   | Place    | Note
-------+----------+-------------------------------------------
     0 | Abyss:1  | Mithandil the Demonspawn Abyssal Knight began the quest for
                  | the Orb.
     0 | Abyss:1  | Reached XP level 1. HP: 18/18 MP: 2/2
    14 | D:1      | Escaped the Abyss
   146 | D:2      | Reached skill level 1 in Dodging
   161 | D:2      | Gained mutation: You have sharp toenails. [demonic
                  | ancestry]
   161 | D:2      | Reached XP level 2. HP: 19/24 MP: 3/3
   227 | D:2      | Reached ** piety under Lugonu
   261 | D:2      | Slain by a hobgoblin

Levels and vault maps discovered:
D:1:      dpeg_arrival_refuge, layout_basic
D:2:      layout_basic

Skill      XL: |  1  2 |
---------------+-------+-----
Dodging        | 1 |  1.1
Long Blades    | 2 |  2.1
Fighting       | |  3.1
Short Blades   | |  0.6
Armour         | |  1.9
Stealth        | |  0.4
Unarmed Combat | |  0.5
Invocations    | |  2.7

Action                   || total
-------------------------++-------
Melee: Falchion          ||    38
Armor: Leather armour    ||    13
Dodge: Dodged            ||    25
       Rpst.: Falchion   ||    11

Table legend:
 A = Non-vault XP
 B = Vault XP
 C = Vault XP percentage of total XP
 D = Non-vault monster count
 E = Vault monster count
 F = Vault count percentage of total count
                 A         B        C        D         E       F
            +---------+---------+-------+---------+---------+-------
      Total |      35 |       0 |   0.0 |      15 |       0 |   0.0
            +---------+---------+-------+---------+---------+-------
        D:1 |       4 |       0 |   0.0 |       2 |       0 |   0.0
        D:2 |      31 |       0 |   0.0 |      13 |       0 |   0.0
            +---------+---------+-------+---------+---------+-------
